 Dungeon Crawl Stone Soup version 0.30-a0-250-g41c1d76940 (webtiles) character file.

Game seed: 15123027275875274807

32 NinjaNoafa the Ruffian (level 3, -2/37 HPs)
             Began as a Troll Monk on Oct 12, 2022.
             Slain by a quokka (4 damage)
             ... on level 2 of the Dungeon.
             The game lasted 00:02:42 (1069 turns).

NinjaNoafa the Ruffian (Troll Monk)                 Turns: 1069, Time: 00:02:43

Health: -2/37      AC:  4    Str: 19    XL:     3   Next: 8%
Magic:  2/2        EV: 10    Int:  6    God:
Gold:   72         SH:  0    Dex: 14    Spells: 2/2 levels left

rFire   . . .      SeeInvis .      - Unarmed
rCold   . . .      Faith    .    (no shield)
rNeg    . . .      Spirit   .    a - +0 robe
rPois   .          Reflect  .    (helmet restricted)
rElec   .          Harm     .    (no cloak)
rCorr   .          Rampage  .    (gloves unavailable)
Will    .....                    (boots unavailable)
Stlth   +.........               (no amulet)
HPRegen 1.06/turn                (no ring)
MPRegen 0.08/turn                (no ring)

@: confused, mighty, lethally poisoned (-2 -> -5), ambrosia-drunk
A: large, unfitting armour, claws 3, regeneration 1, shaggy fur 1, tough skin 1
a: no special abilities


You were on level 2 of the Dungeon.
You visited 1 branch of the dungeon, and saw 2 of its levels.

You collected 72 gold pieces.

Inventory:

Missiles
 e - 3 poisoned darts (quivered)
 j - 10 stones
 m - 2 throwing nets
Armour
 a - a +0 robe (worn)
Scrolls
 c - a scroll of summoning {unknown}
 d - a scroll of noise {unknown}
 g - a scroll of amnesia {unknown}
 k - a scroll of identify {unknown}
 l - 2 scrolls of fear {unknown}
Potions
 b - a potion of ambrosia
 h - a potion of heal wounds {unknown}
 i - 2 potions of brilliance {unknown}


   Skills:
 - Level 3.0 Fighting
 - Level 2.4 Dodging
 - Level 1.0 Stealth
 + Level 3.7 Unarmed Combat


You had 2 spell levels left.
You didn't know any spells.
Your spell library was empty.

Dungeon Overview and Level Annotations

Branches:
Dungeon (2/15)

Altars:

Shops:
D:1 :


Innate Abilities, Weirdness & Mutations

You are too large for most types of armour.
You have claws for hands.
Your natural rate of healing is unusually fast.
You are covered in fur. (AC +1)
You have tough skin. (AC +1)


Message History

You closely miss the adder.
You feel sick. The adder bites you but does no damage. The quokka misses you.
The hobgoblin hits you but does no damage.
The rat barely misses you.
You barely miss the adder.
You feel sick. The adder bites you but does no damage.
The quokka closely misses you. The hobgoblin barely misses you.
The rat bites you but does no damage. The adder bites you.
The quokka misses you.
You barely miss the adder.
You feel sick. The adder bites you.
You are more poisoned.
The adder poisons you! The hobgoblin closely misses you. The rat bites you.
The quokka bites you but does no damage.
You closely miss the adder.
You feel very sick. The adder bites you but does no damage.
The quokka bites you but does no damage.
The hobgoblin closely misses you. The rat bites you but does no damage.
You closely miss the adder.
You feel sick. The adder bites you.
* * * LOW HITPOINT WARNING * * *
You are more poisoned.
The adder poisons you! The quokka bites you.
* * * LOW HITPOINT WARNING * * *
The hobgoblin closely misses you. The rat bites you.
* * * LOW HITPOINT WARNING * * *
You are confused.
You feel invigorated.
You feel very sick. The adder bites you.
* * * LOW HITPOINT WARNING * * *
The quokka barely misses you. The adder bites you.
* * * LOW HITPOINT WARNING * * *
You are more poisoned.
The adder poisons you! The hobgoblin barely misses you.
The rat bites you but does no damage.
It was a potion of might.
You feel very mighty all of a sudden.
* * * LOW HITPOINT WARNING * * *
You feel very sick. The quokka bites you.
You die...

#################
................#
###....#...##..#
#....#)..###.#
#S@..##..###.#.#
#$....grr###......#.#
#....#.b.# ##....†#.#
#... #...# ###...#.#
#.. #..## ####†#.# #.
#..# ####....#.## .
..## #.......#..# .#
...........##
........##..#


You could see an adder, a quokka, a hobgoblin, a bat and a rat.

Vanquished Creatures
  A dart slug (D:2)
  3 endoplasms
  A giant cockroach (D:2)
  A goblin (D:1)
  2 hobgoblins
  3 jackals (D:2)
  A quokka (D:1)
  5 ball pythons
  A bat (D:2)
  2 frilled lizards
  4 kobolds
  4 rats
28 creatures vanquished.

Notes
Turn   | Place    | Note
-------+----------+-------------------------------------------
     0 | D:1      | NinjaNoafa the Troll Monk began the quest for the Orb.
     0 | D:1      | Reached XP level 1. HP: 22/22 MP: 0/0
    62 | D:1      | Found Esoinugu's Book Shoppe.
   397 | D:1      | Found a faded altar of an unknown god.
   479 | D:1      | Reached XP level 2. HP: 26/29 MP: 1/1
  1032 | D:2      | Reached XP level 3. HP: 37/37 MP: 2/2
  1069 | D:2      | Slain by a quokka

Illustrated notes

Levels and vault maps discovered:
D:1:      psy_arrival_terrarium, layout_loops_corners, serial_shops,
          nicolae_lakefront_shop, ebering_ecumenical_altar_box
D:2:      minmay_recursive_quarters, layout_basic

Skill      XL: |  1  2 |
---------------+-------+-----
Fighting       | 3 |  3.0
Dodging        | |  2.4
Stealth        | |  1.0
Unarmed Combat | |  3.7

Action                   || total
-------------------------++-------
Melee: Unarmed           ||    73
  Use: Potion            ||     2
 Stab: Sleeping          ||     2
Armor: Robe              ||    36
Dodge: Dodged            ||    48

Table legend: (Time is in decaauts)
 A = Elapsed time spent in this place.
 B = Non-inter-level travel time spent in this place.
 C = Inter-level travel time spent in this place.
 D = Time resting spent in this place.
 E = Time spent auto-exploring this place.
 F = Levels seen in this place.
 G = Mean time per level.
                   A        B        C        D        E       F      G
               +--------+--------+--------+--------+--------+-----+--------+
         Total |   1064 |   1047 |     17 |      0 |    828 |   2 |  532.0 |
       Dungeon |   1064 |   1047 |     17 |      0 |    828 |   2 |  532.0 |
               +--------+--------+--------+--------+--------+-----+--------+

Top non-repeatable levels by time:
     D:1: 802 daAuts
     D:2: 262 daAuts
